 Dungeon Crawl Stone Soup version 0.15-a0-1936-gbed3715 (webtiles) character file.

479 Quh the Charmwright (level 6, -5/39 HPs)
             Began as a High Elf Skald on July 8, 2014.
             Was an Initiate of Sif Muna.
             Killed from afar by Sigmund (10 damage)
             ... with a puff of flame
             ... on Level 4 of the Dungeon.
             The game lasted 00:15:07 (4113 turns).

Quh the Charmwright (High Elf Skald)                Turns: 4113, Time: 00:15:07

HP  -5/39        AC  4     Str 11      XL: 6   Next: 86%
MP   9/15        EV 13     Int 18      God: Sif Muna [......]
Gold 107         SH  0     Dex 15      Spells:  3 memorised,  3 levels left

rFire  . . .     SeeInvis +     f - +2 short sword (elec)
rCold  . . .     Clarity  +     b - +0 leather armour
rNeg   . . .     rCorr    .     (no shield)
rPois  .         rRot     .     (no helmet)
rElec  .         Spirit   .     (no cloak)
SustAb .         Warding  .     (no gloves)
rMut   .         Stasis   .     D - +0 pair of boots
Gourm  .                        E - amulet of clarity
MR     .....                    k - ring of see invisible
                                H - +3 ring of evasion

@: about to teleport, not resistant to hostile enchantments, very unstealthy
A: no striking features
a: Renounce Religion


You were on level 4 of the Dungeon.
You worshipped Sif Muna.
Sif Muna was noncommittal.
You were near starving.

You visited 1 branch of the dungeon, and saw 4 of its levels.

You collected 167 gold pieces.
You spent 60 gold pieces at shops.

Inventory:

Hand weapons
 a - a +0 falchion
 f - a +2 short sword of electrocution (weapon)
 r - a cursed -3 dagger
 x - a +2 dagger of electrocution
Missiles
 o - 41 stones (quivered)
 p - 65 arrows
 q - 17 arrows of flame
Armour
 b - a +0 leather armour (worn)
 D - a +0 pair of boots (worn)
Comestibles
 d - 3 bread rations
 F - a meat ration
 G - a rotting chunk of giant frog flesh
 J - 3 chunks of hobgoblin flesh
Scrolls
 e - 3 scrolls of identify
 g - a scroll of immolation {unknown}
 h - a scroll of fog
 v - a scroll of remove curse
 w - a scroll of random uselessness {unknown}
 y - a scroll of recharging {unknown}
Jewellery
 j - an uncursed ring of stealth
 k - a ring of see invisible (right hand)
 t - an uncursed amulet of warding
 E - an amulet of clarity (around neck)
 H - a +3 ring of evasion (left hand)
Potions
 i - 3 potions of confusion
 l - a potion of degeneration {unknown}
 m - a potion of flight {unknown}
 n - 2 potions of lignification
 s - 2 potions of agility
 z - 2 potions of resistance {unknown}
 A - a potion of haste {unknown}
 B - 2 potions of might {unknown}
 C - a potion of heal wounds {unknown}
Books
 c - a book of Battle

   Spells                             Type                      Level
   *Infusion                          Charms                       1
   *Shroud of Golubria                Charms/Translocation         2
   Song of Slaying                    Charms                       2
   Spectral Weapon                    Hexes/Charms                 3
   *Regeneration                      Charms/Necromancy            3


   Skills:
 - Level 2.0 Fighting
 * Level 5.0(5.2) Short Blades
 - Level 3.0(3.8) Long Blades
 - Level 0.8 Armour
 - Level 1.1 Dodging
 - Level 2.4 Spellcasting
 * Level 6.1 Charms
 * Level 2.7 Necromancy


You had 3 spell levels left.
You knew the following spells:

 Your Spells              Type           Power        Failure   Level  Hunger
a - Infusion              Chrm           ###...       1%          1    #......
b - Shroud of Golubria    Chrm/Tloc      ##........   10%         2    ##.....
c - Regeneration          Chrm/Necr      ###.......   10%         3    ###....


Dungeon Overview and Level Annotations

Branches:
Dungeon (4/15)
 Temple: D:4-7

Altars:
Ashenzari
Dithmenos
Gozag
Sif Muna
Trog
Xom
Yredelemnul
Zin
The Shining One

Annotations:
D:4 Sigmund


Message History

The puff of flame hits you!
* * * LOW HITPOINT WARNING * * *
Sigmund hits you but does no damage.
You open the door.
Sigmund points at you and mumbles some strange words.
The puff of flame hits you!
* * * LOW HITPOINT WARNING * * *
Your skin stops crawling.
There is an open door here.
You close the door.
Sigmund opens the door.
You close the door.
Sigmund opens the door.
You close the door.
Sigmund opens the door.
You close the door.
Sigmund opens the door.
You close the door.
Sigmund opens the door.
Read which item? (? for menu, Esc to quit)
As you read the scroll of teleportation, it crumbles to dust.
You feel strangely unstable.
Sigmund points at you and mumbles some strange words.
The puff of flame hits you!
You die...

.##.....#....................#...
.##.....#....................'...
.######+#....................#.##
.#.......######'###........###.#.
.#.......# #....#........# ..#.
.'.......# #....#........#...+.
.#.......# #....#........+...#.
.#.......# #....'........#...#.
.#.......# ##.@.#........# ..#.
.'.......# ###'##........# .#.
.#.......# #...@#..%.....+ +.
.####%#### #....%........# #.
.+.......# #....#...>....# #.
.##......# #....#........ +.
###......# ##+##......... #.
#.......# ......... #. ######'##
......... #.


You could see Sigmund.

Vanquished Creatures
  A phantom (D:4)
  A giant frog (D:4)
  An orc priest (D:3)
  4 worker ants (D:4)
  The ghost of patnam the Sneak, a weakling SpAs (D:3)
  7 adders
  A gnoll (D:2)
  A worm (D:3)
  5 giant geckos
  An ooze (D:2)
  7 orcs (D:3)
  2 ball pythons (D:1)
  4 giant cockroaches
  5 goblins
  11 hobgoblins
  4 jackals (D:3)
  11 kobolds
  A quokka (D:2)
  8 bats
  3 giant newts
  A kobold skeleton (D:4)
  7 rats
87 creatures vanquished.

Notes
Turn   | Place    | Note
--------------------------------------------------------------
     0 | D:1      | Quh, the High Elf Skald, began the quest for the Orb.
     0 | D:1      | Reached XP level 1. HP: 14/14 MP: 4/4
    87 | D:1      | Reached XP level 2. HP: 19/19 MP: 6/6
   122 | D:1      | Reached skill level 4 in Charms
   224 | D:1      | Reached skill level 1 in Short Blades
   384 | D:1      | Learned a level 2 spell: Shroud of Golubria
   694 | D:2      | Reached XP level 3. HP: 22/24 MP: 8/8
   709 | D:2      | Found a deep blue altar of Sif Muna.
   709 | D:2      | Found a shimmering altar of Xom.
   711 | D:2      | Found a shadowy altar of Dithmenos.
   717 | D:2      | Found a bloodstained altar of Trog.
   717 | D:2      | Found a glowing golden altar of the Shining One.
   718 | D:2      | Found a shattered altar of Ashenzari.
   831 | D:2      | Became a worshipper of Sif Muna the Loreminder
  1119 | D:2      | Learned a level 3 spell: Regeneration
  1418 | D:2      | Found a basalt altar of Yredelemnul.
  1418 | D:2      | Found an opulent altar of Gozag.
  1450 | D:2      | Reached XP level 4. HP: 10/29 MP: 11/11
  2216 | D:3      | Noticed patnam's ghost (weakling SpAs)
  2248 | D:3      | Killed patnam's ghost
  2248 | D:3      | Reached skill level 1 in Necromancy
  2607 | D:3      | Reached skill level 5 in Charms
  2739 | D:3      | Reached XP level 5. HP: 34/34 MP: 12/12
  3056 | D:3      | Found Zin's Purification Station.
  3059 | D:3      | Found a glowing silver altar of Zin.
  3062 | D:3      | Bought a potion of curing for 60 gold pieces
  3571 | D:4      | Noticed a phantom
  3592 | D:4      | Killed a phantom
  3592 | D:4      | Reached XP level 6. HP: 16/39 MP: 12/15
  3829 | D:4      | Reached skill level 6 in Charms
  4032 | D:4      | Noticed Sigmund
  4048 | D:4      | HP: 2/58 [worker ant (1)]
  4060 | D:4      | Reached skill level 5 in Short Blades
  4113 | D:4      | Killed from afar by Sigmund

Action                   |  1- 3 |  4- 6 || total
-------------------------+-------+-------++-------
Melee: Short sword       |    83 |   183 ||   266
       Falchion          |     6 |       ||     6
Throw: Stone             |     3 |     8 ||    11
 Cast: Infusion          |     1 |     2 ||     3
       Shroud of Golubri |     1 |     8 ||     9
       Regeneration      |       |     7 ||     7
  Use: Scroll            |       |     6 ||     6
       Potion            |       |     2 ||     2
 Stab: Sleeping          |     2 |     2 ||     4
  Eat: Chunk             |     2 |     3 ||     5
       Meat ration       |       |     1 ||     1
